 Dungeon Crawl Stone Soup version 0.23.1 (webtiles) character file.

Game seed: 14540636638765196081

24 Borgoz the Skirmisher (level 3, 0/31 HPs)
             Began as a Ghoul Monk on Mar 17, 2019.
             Slain by a hobgoblin
             ... wielding a +0 club
              (5 damage)
             ... on level 1 of the Dungeon.
             The game lasted 00:00:55 (309 turns).

Borgoz the Skirmisher (Ghoul Monk)                   Turns: 309, Time: 00:00:56

Health: 0/31       AC:  2    Str: 14    XL:     3   Next: 2%
Magic:  2/2        EV: 13    Int:  6    God:
Gold:   47         SH:  0    Dex: 11    Spells: 2/2 levels left

rFire    . . .     SeeInvis .   a - +0 short sword
rCold    + . .     Gourm    .   (no shield)
rNeg     + + +     Faith    .   b - +0 robe
rPois    ∞         Spirit   .   (no helmet)
rElec    .         Reflect  .   (no cloak)
rCorr    .         Harm     .   (no gloves)
MR       .....                  (no boots)
Stlth    ++........             (no amulet)
HPRegen  0.00/turn              (no ring)
MPRegen  0.08/turn              (no ring)

@: rotting
A: rotting body, claws 1, carnivore, cold resistance 1, negative energy
resistance 3, inhibited regeneration, torment resistance, unbreathing
a: no special abilities


You were on level 1 of the Dungeon.
You were not hungry.

You visited 1 branch of the dungeon, and saw 1 of its levels.

You collected 47 gold pieces.

Inventory:

Hand Weapons
 a - a +0 short sword (weapon)
Armour
 b - a +0 robe (worn)
 g - a +0 cloak
Wands
 f - a wand of random effects (10)
Scrolls
 h - a scroll of identify {unknown}
Potions
 e - a potion of might {unknown}
Comestibles
 c - 2 rations
 d - 9 chunks of flesh


   Skills:
 + Level 3.4 Fighting
 * Level 2.9 Short Blades
 * Level 1.0 Armour
 * Level 3.0 Dodging
 + Level 2.4 Stealth


You had 2 spell levels left.
You didn't know any spells.
Your spell library was empty.

Dungeon Overview and Level Annotations

Branches:
Dungeon (1/15)

Altars:


Innate Abilities, Weirdness & Mutations

Your body is rotting away.
You thrive on raw meat.
You are immune to poison.
You have sharp fingernails.
You are carnivorous and can eat meat at any time.
Your flesh is cold resistant. (rC+)
You are immune to negative energy. (rN+++)
You do not regenerate when monsters are visible.
You are immune to unholy pain and torment.
You can survive without breathing.


Message History

You stop butchering the corpse.
Some of the chunks of flesh in your inventory have rotted away.
Unknown command.
You are too injured to fight recklessly!
You are too injured to fight recklessly!
You are too injured to fight recklessly!
The hobgoblin shouts!
You hear an angry hiss.
You see here a dart slug corpse.
You butcher the dart slug corpse.
You see here a chunk of flesh.
You are too injured to fight recklessly!
You are too injured to fight recklessly!
You closely miss the hobgoblin. You closely miss the hobgoblin.
The hobgoblin barely misses you.
You barely miss the hobgoblin. The hobgoblin misses you.
You completely miss the hobgoblin. The hobgoblin misses you.
You hit the hobgoblin but do no damage. The leopard gecko bites you.
* * * LOW HITPOINT WARNING * * *
The hobgoblin hits you with a +0 club.
You die...

##.......## .....
###.........# .....
.##.........# ...
..........>.# ...
###.........# #.#
###.........# #)#
8##.........#####÷#
..##............#)# .
..8#.........÷..@l#..
...+.....[.....#g........
..8#...........##........
..##.....................
8##............###.......
##...##.#......# .#.?...
# #....#......# .##....
## #.......#...# .# ##..
######< ###...#.....#
#......


You could see a leopard gecko and a hobgoblin.

Vanquished Creatures
  A dart slug (D:1)
  2 giant cockroaches (D:1)
  9 goblins (D:1)
  2 hobgoblins (D:1)
  2 kobolds (D:1)
  A bat (D:1)
  2 frilled lizards (D:1)
  A rat (D:1)
20 creatures vanquished.

Notes
Turn   | Place    | Note
-------+----------+-------------------------------------------
     0 | D:1      | Borgoz the Ghoul Monk began the quest for the Orb.
     0 | D:1      | Reached XP level 1. HP: 19/19 MP: 0/0
    72 | D:1      | Reached XP level 2. HP: 26/26 MP: 1/1
   283 | D:1      | Reached skill level 1 in Armour
   292 | D:1      | Reached XP level 3. HP: 11/30 MP: 2/2
   309 | D:1      | Slain by a hobgoblin

Skill      XL: |  1  2 |
---------------+-------+-----
Armour         | 1 |  1.0
Dodging        | 3 |  3.0
Fighting       | |  3.4
Short Blades   | |  2.9
Stealth        | |  2.4

Action                   || total
-------------------------++-------
Melee: Short sword       ||    65
 Stab: Distracted        ||     1
       Sleeping          ||     1
  Eat: Chunk             ||     5
Armor: Robe              ||     6
Dodge: Dodged            ||    38
